 Dungeon Crawl Stone Soup version 0.17.2-1-ge4368a0 (webtiles) character file.

96 Melancholia the Insei (level 4, -6/35 HPs)
             Began as a Mummy Monk on Apr 20, 2017.
             Mangled by Natasha (9 damage)
             ... on level 4 of the Dungeon.
             The game lasted 00:07:35 (4201 turns).

Melancholia the Insei (Mummy Monk)                  Turns: 4201, Time: 00:07:35

Health: -6/35      AC:  1    Str: 14    XL:     4   Next: 41%
Magic:  4/4        EV: 13    Int: 12    God:
Gold:   124        SH:  0    Dex: 15    Spells: 0 memorised, 3 levels left

rFire  x . .     SeeInvis .       - Unarmed
rCold  + . .     Clarity  .     (no armour)
rNeg   + + +     SustAt   .     (no shield)
rPois  ∞         Gourm    .     (no helmet)
rElec  .         Spirit   .     (no cloak)
rCorr  .         Warding  .     (no gloves)
rMut   .         Stasis   .     e - +0 pair of boots
MR     .....                    (no amulet)
Stlth  ++........               f - ring of poison resistance
                                h - +3 ring of intelligence

@: not resistant to hostile enchantments, unstealthy
A: no food or potions, fire vulnerability, cold resistance 1, negative energy
resistance 3, torment resistance, unbreathing
a: no special abilities


You were on level 4 of the Dungeon.
You were not hungry.

You visited 1 branch of the dungeon, and saw 4 of its levels.

You collected 124 gold pieces.


Innate Abilities, Weirdness & Mutations

You do not eat or drink.
Your flesh is vulnerable to fire.
You are immune to poison.
Your flesh is cold resistant.
You are immune to negative energy.
You are immune to unholy pain and torment.
You can survive without breathing.


   Skills:
 - Level 3.0 Fighting
 - Level 2.4 Dodging
 - Level 1.5 Stealth
 + Level 4.9 Unarmed Combat


You had 3 spell levels left.
You didn't know any spells.

Inventory:

Armour
 e - a +0 pair of boots (worn)
Jewellery
 f - a ring of poison resistance (right hand)
 h - a +3 ring of intelligence (left hand)
Scrolls
 a - 2 scrolls of immolation {!r}
 b - a scroll of magic mapping {unknown}
 c - 2 scrolls of recharging
 d - 2 scrolls of fear
 g - 2 scrolls of enchant weapon
 i - a scroll of random uselessness
 j - a scroll of enchant armour {unknown}

Dungeon Overview and Level Annotations

Branches:
Dungeon (4/15)
 Temple: D:4-7

Altars:
Ashenzari
Ru

Annotations:
D:2 Cobs, Sigmund
D:3 Purgy
D:4 Natasha

.▒ ▒<......+
▒▒▒.▒.▒▒......▒
............>.▒
▒.▒.▒▒▒▒......+
▒.▒.▒.........▒
▒.▒.▒.......▒.▒
▒.▒.▒.......▒.▒
▒.5.........▒.▒
▒M▒...........▒
▒h▒▒▒......▒▒▒▒
▒5▒ ▒......▒
▒.▒ ▒......▒
▒.▒ ▒......▒
▒.▒ ▒......▒
▒.▒ ▒▒▒▒▒▒▒▒
▒.▒


You could see Natasha, a crimson imp and a white imp.


Message History

The magic dart hits you!!!
You take 8 damage, and have 20/35 hp!
MASSIVE DAMAGE!!!!!!
You pummel Natasha but do no damage!
Natasha is heavily wounded!
Natasha claws you! * * * don't die
* * * You take 4 damage, and have 16/35 hp!
You closely miss Natasha!
Natasha is heavily wounded!
The crimson imp blinks!!!
You pulverise Natasha but do no damage!
Natasha is heavily wounded!
Natasha claws you!!! * * * don't die
* * * The crimson imp hits you! * * * don't die
* * * You take 10 damage, and have 6/35 hp!
MASSIVE DAMAGE!!!!!!
You closely miss Natasha!
Natasha is heavily wounded!
Natasha misses you!
The crimson imp hits you! * * * don't die
* * * You take 3 damage, and have 3/35 hp!
You miss Natasha!
Natasha is heavily wounded!
Natasha casts a spell!
The crimson imp misses you!
You barely miss Natasha!
Natasha is heavily wounded!
Natasha claws you!!! rip

Action                   |  1- 3 |  4- 6 || total
-------------------------+-------+-------++-------
Melee: Unarmed           |   199 |   215 ||   414
  Use: Scroll            |       |     5 ||     5
 Stab: Sleeping          |     5 |     3 ||     8

Vault maps used:
D:1:      dpeg_arrival_refuge
D:2:      ashenzari_altar_1, minmay_stone_trees_small,
          nicolae_ru_the_path_less_chosen
D:3:      grunt_temple_overflow_gold_and_silver, first_bread, uniq_sigmund,
          uniq_purgy
D:4:      kennysheep_generic_room_12, uniq_natasha, uniq_crazy_yiuf_cottage

Notes
Turn   | Place    | Note
--------------------------------------------------------------
     0 | D:1      | Melancholia the Mummy Monk began the quest for the Orb.
     0 | D:1      | Reached XP level 1. HP: 18/18 MP: 1/1
   246 | D:1      | Reached XP level 2. HP: 16/24 MP: 2/2
   606 | D:1      | Reached skill level 4 in Unarmed Combat
  1148 | D:1      | Reached XP level 3. HP: 19/29 MP: 3/3
  1695 | D:2      | Found a shattered altar of Ashenzari.
  2690 | D:2      | Reached XP level 4. HP: 35/35 MP: 4/4
  2693 | D:2      | Found a sacrificial altar of Ru.
  3517 | D:3      | Noticed Sigmund
  3822 | D:3      | Noticed Purgy
  4191 | D:4      | Noticed Natasha
  4199 | D:4      | HP: 3/35 [crimson imp[Natasha] (3)]
  4201 | D:4      | Mangled by Natasha

Vanquished Creatures
  An adder (D:2)
  An ooze (D:1)
  3 worms (D:2)
  4 giant geckos
  2 ball pythons (D:1)
  8 bats
  2 giant cockroaches
  11 hobgoblins
  9 kobolds
  3 quokkas
  5 giant newts
  9 goblins
  4 jackals (D:2)
  7 rats
  5 fungi (D:2)
  A plant (D:2)
75 creatures vanquished.
